 Dungeon Crawl Stone Soup version 0.30-b1-5-g8e6c1be481 (webtiles) character file.

Game seed: 18131273958861457716

8736 firemarshallily the Fighter (level 11, -11/87 HPs)
             Began as a Djinni Conjurer on May 3, 2023.
             Was an Initiate of Ashenzari.
             Mangled by a very large slime creature (39 damage)
             ... on level 11 of the Dungeon.
             The game lasted 00:45:56 (13178 turns).

firemarshallily the Fighter (Djinni Conjurer)      Turns: 13178, Time: 00:45:57

Health: -11/87     AC:  9    Str: 10    XL:     11   Next: 61%
Gold:   528        EV: 12    Int: 20    God:    Ashenzari [......] SH:  9 Dex: 21

rFire   + + +        J - staff of fire "Xycebe" {rF+ Dex+5}
rCold   . . .        F - +3 buckler
rNeg    . . .        c - +0 leather armour
rPois   ∞            n - +2 helmet "Revealing Urgency" {Fort, Evo} (curse)
rElec   .            G - +2 cloak {rPois}
rCorr   .            x - -1 pair of gloves of Lesser Demons {rC+ Dex+4}
SInv    .            (boots unavailable)
Will    +....        (no amulet)
Stlth   ++           (no ring)
HPRegen 0.34/turn    (no ring)
MPRegen 0.00/turn

%: infuse magic (-12 HP)
@: flying
A: sickness immunity, fire resistance 2, cold vulnerability 1, float, innate
caster, HP casting, extra vitality 1
a: Renounce Religion, Curse Item, Shatter the Chains


You were on level 11 of the Dungeon.
You worshipped Ashenzari.
Ashenzari was noncommittal.
You visited 2 branches of the dungeon, and saw 12 of its levels.
You also visited: Bailey.

You collected 606 gold pieces.
You spent 78 gold pieces at shops.

Inventory:

Hand Weapons
 q - a +1 spear of distortion
 K - a +3 dagger of venom
Missiles
 d - 26 poisoned darts
 v - 6 boomerangs
 E - 6 throwing nets
Armour
 c - a +0 leather armour (worn)
 n - the cursed +2 helmet "Revealing Urgency" (worn) {Fort, Evo}
   (You found it on level 7 of the Dungeon)

   It has a curse which improves the following skills: Fortitude: Armour and
   Shields.
   Evocations: Evocations.
 x - the -1 pair of gloves of Lesser Demons (worn) {rC+ Dex+4}
   (You found it on level 3 of the Dungeon)

   Dex:       It affects your dexterity (+4).
   rC:        It protects you from cold.
 F - a +3 buckler (worn)
 G - a +2 cloak of poison resistance (worn)
Magical Staves
 J - the staff of fire "Xycebe" (weapon) {rF+ Dex+5}
   (You found it on level 8 of the Dungeon)

   [staff of fire]

   Your inability to study Fire Magic prevents you from drawing on the full
   power of this staff in melee.
   Base accuracy: +5 Base damage: 5 Base attack delay: 1.2 This weapon's minimum
   attack delay (0.6) is reached at skill level 12.
   Dex:       It affects your dexterity (+5).
   rF:        It protects you from fire.
   It falls into the 'Staves' category.
   It is a one-handed weapon.
Jewellery
 B - a ring of fire
Wands
 p - a wand of roots (9)
 s - a wand of flame (40)
 y - a wand of mindburst (8)
 M - a wand of digging (8)
Scrolls
 a - a scroll of enchant armour
 i - 2 scrolls of fear
 j - 4 scrolls of teleportation
 m - 4 scrolls of poison
 o - a scroll of immolation
 r - 4 scrolls of vulnerability
 u - 2 scrolls of torment
 D - 2 scrolls of silence
 L - 3 scrolls of enchant weapon
 N - a scroll of summoning
 O - 2 scrolls of fog
 Q - a scroll of identify
Potions
 b - a potion of brilliance
 e - 2 potions of magic
 f - a potion of cancellation {unknown}
 g - 9 potions of curing
 h - 6 potions of haste
 k - 4 potions of heal wounds {unknown}
 l - 3 potions of lignification {unknown}
 t - a potion of experience {unknown}
 z - 3 potions of mutation {unknown}
 A - 3 potions of flight {unknown}
 C - 3 potions of berserk rage
 H - 2 potions of degeneration {unknown}
 I - 2 potions of invisibility {unknown}
 P - 2 potions of resistance


   Skills:
 + Level 11.4 Fighting
 - Level 2.5(2.8) Armour
 - Level 2.1 Dodging
 - Level 1.5 Stealth
 - Level 5.0(5.3) Shields
 + Level 9.7 Spellcasting


You knew the following spells:

 Your Spells              Type           Power      Damage    Failure   Level
a - Magic Dart            Conj           100%       1d8       1%          1
b - Searing Ray           Conj           96%        2d7       1%          2
c - Dazzling Flash        Conj/Hex       96%        N/A       1%          3
d - Fulminant Prism       Conj/Hex       24%        3d12      2%          4
e - Iskenderun's Mystic   Conj/Tloc      48%        2d11      2%          4
f - Sting                 Tmut/Pois      100%       1d8       1%          1
g - Static Discharge      Conj/Air       96%        2-6/arc   1%          2
h - Scorch                Fire           100%       2d9       1%          2
i - Vhi's Electric Charg  Tloc/Air       96%        N/A       1%          3
j - Manifold Assault      Tloc           48%        N/A       2%          4
Your spell library was empty.

Dungeon Overview and Level Annotations

Branches:
Dungeon (11/15)            Temple (1/1) D:6             Orc (0/2) D:10
 Bailey (visited)
   Lair: D:8-11

Altars:
Ashenzari
Cheibriados
Dithmenos
Elyvilon
Fedhas
Gozag
Hepliaklqana
Makhleb
Nemelex Xobeh
Okawaru
Qazlal
Ru
Trog
Uskayaw
Wu Jian
Xom
Yredelemnul
Zin
The Shining One

Shops:
D:10 *

Annotations:
D:11 exclusion: boulder beetle


Innate Abilities, Weirdness & Mutations

You are immune to sickness and miasma.
You are immune to poison.
Your flesh is very heat resistant. (rF++)
You are vulnerable to cold. (rC-)
You float through the air rather than walking.
You learn spells naturally, not from books.
Your magical power is your life essence.
You have superior vitality. (+4 MHP)


Message History

You feel a surge of power!
Flames lash the slime creature.
The slime creature is burned terribly!
The slime creature is almost dead.
Two slime creatures merge to form a large slime creature.
Casting: Scorch (safe; 1% risk of failure)
Confirm with . or Enter, or press ? or * to list all spells.
You don't know that spell.
Casting: Scorch (safe; 1% risk of failure)
Confirm with . or Enter, or press ? or * to list all spells.
You feel a surge of power!
Flames lash the large slime creature.
The large slime creature is burned terribly!
The large slime creature is severely wounded.
The large slime creature hits you.
Casting: Scorch (safe; 1% risk of failure)
Confirm with . or Enter, or press ? or * to list all spells.
You feel a surge of power!
Flames lash the large slime creature.
The large slime creature is severely wounded.
Two slime creatures merge to form a very large slime creature.
Casting: Scorch (safe; 1% risk of failure)
Confirm with . or Enter, or press ? or * to list all spells.
You feel a surge of power!
Flames lash the very large slime creature.
The very large slime creature is burned terribly!
The very large slime creature is severely wounded.
The very large slime creature hits you!
Casting: Scorch (safe; 1% risk of failure)
Confirm with . or Enter, or press ? or * to list all spells.
You feel a surge of power!
Flames lash the very large slime creature.
The very large slime creature is burned terribly!
The very large slime creature is severely wounded.
The very large slime creature completely misses you.
Casting: Scorch (safe; 1% risk of failure)
Confirm with . or Enter, or press ? or * to list all spells.
Aiming: Fulminant Prism (dangerous; 2% risk of failure)
Press: ? - help, Dir - move target You conjure a prism of explosive energy!
A fulminant prism comes into view.
The very large slime creature hits you!!!
You die...

......... .# # #...##
......... .#.# #....#
.........#.#.# #.....
........#...# ...#....
........#...#.<. . ##...
.......*#...#...#...#.###
...^.....#.#.#.#.#.#.....
...#+###J#.#.#.#.#.#....†
#@#.#.#.#.#.#.....
#..#...#...#......
#..#...#...##.....
#..#...#...#.###.#
#...#.#.#.#.....##
#...#.#.#.#......#
#...#.#.#.#.....#.
#....#...#......#.
#....#...##.....#.


You could see a very large slime creature (combustible, ally target) and a
friendly fulminant prism.

Vanquished Creatures
  2 vault guards (Bailey)
  A manticore (D:11)
  Joseph (D:9)
  A troll (D:10)
  Prince Ribbit (Bailey)
  A slime creature (D:11)
  A shadow (D:7)
  5 yaks
  A wraith (D:11)
  A wyvern (D:8)
  7 humans (Bailey)
  Edmund (D:4)
  2 water moccasins
  2 acid dragons
  Duvessa (D:4)
  3 ice beasts
  An orc warrior (D:6)
  A black bear (D:8)
  3 centaurs
  2 phantoms (D:5)
  2 kobold brigands
  3 scorpions
  13 bullfrogs
  2 gnoll sergeants (D:9)
  5 wights
  Dowan (D:4)
  A howler monkey (D:10)
  Crazy Yiuf (D:5)
  A gnoll bouda (D:7)
  3 jellies
  2 orc priests (D:6)
  4 hounds
  3 sleepcaps
  Natasha (thrice) (D:4)
  2 iguanas
  4 orc wizards
  17 gnolls
  9 adders
  2 white imps
  2 ufetubi
  2 worms
  5 dart slugs
  13 orcs
  4 ball pythons
  A bat (D:1)
  6 endoplasms
  4 giant cockroaches
  10 goblins
  5 hobgoblins
  9 jackals
  3 quokkas
  3 frilled lizards
  11 kobolds
  9 rats
203 creatures vanquished.

Vanquished Creatures (others)
  A wraith (D:9)
  18 fulminant prisms
19 creatures vanquished.

Grand Total: 222 creatures vanquished

Notes
Turn   | Place    | Note
-------+----------+-------------------------------------------
     0 | D:1      | firemarshallily the Djinni Conjurer began the quest for the
                  | Orb.
     0 | D:1      | firemarshallily set off with the following spells
                  | memorised: Magic Dart, Searing Ray, Dazzling Flash,
                  | Fulminant Prism, Iskenderun's Mystic Blast.
     0 | D:1      | Reached XP level 1. HP: 15/15 MP: 0/0
   116 | D:1      | Reached XP level 2. HP: 19/22 MP: 0/0
   163 | D:1      | Reached skill level 1 in Fighting
   406 | D:1      | Reached XP level 3. HP: 17/27 MP: 0/0
   406 | D:1      | Learned a level 1 spell: Sting
   743 | D:2      | Reached skill level 1 in Armour
   882 | D:2      | Found a shadowy altar of Dithmenos.
  1289 | D:3      | Reached skill level 2 in Fighting
  1289 | D:3      | Reached XP level 4. HP: 26/33 MP: 0/0
  1812 | D:3      | Reached XP level 5. HP: 34/39 MP: 0/0
  1812 | D:3      | Learned a level 2 spell: Static Discharge
  1946 | D:3      | Found a broken altar of Ashenzari.
  2270 | D:3      | Identified the -1 pair of gloves of Lesser Demons {rC+
                  | Dex+4}
  2330 | D:3      | Identified the +3 spear "Elattugg" {heavy, Str+5}
  2330 | D:3      | You are sucked into a shaft and drop 2 floors!
  2330 | D:5      | Entered Level 5 of the Dungeon
  2473 | D:5      | Reached skill level 3 in Fighting
  2473 | D:5      | Reached XP level 6. HP: 34/46 MP: 0/0
  2528 | D:5      | Noticed a water moccasin
  3097 | D:4      | Reached XP level 7. HP: 38/51 MP: 0/0
  3097 | D:4      | Learned a level 2 spell: Scorch
  3232 | D:4      | Noticed Edmund
  3239 | D:4      | Killed Edmund
  3240 | D:4      | Reached skill level 4 in Fighting
  3405 | D:4      | Found a bloodstained altar of Trog.
  3411 | D:4      | Reached skill level 5 in Spellcasting
  3551 | D:4      | Noticed Duvessa
  3551 | D:4      | Noticed Dowan
  3894 | D:4      | Noticed Natasha
  3924 | D:4      | Killed Natasha
  4323 | D:5      | Reached skill level 5 in Fighting
  4449 | D:5      | Reached XP level 8. HP: 49/59 MP: 0/0
  4643 | D:5      | Found a runed translucent door.
  4644 | D:5      | Noticed Crazy Yiuf
  4876 | D:5      | Found a glowing golden altar of the Shining One.
  4887 | D:5      | Found a shadowy altar of Dithmenos.
  4887 | D:5      | Found an opulent altar of Gozag.
  4894 | D:5      | Found a blossoming altar of Fedhas.
  5230 | D:5      | Killed Crazy Yiuf
  5278 | D:6      | Found a staircase to the Ecumenical Temple.
  5289 | Temple   | Entered the Ecumenical Temple
  5463 | D:6      | Reached skill level 6 in Fighting
  5691 | D:3      | Became a worshipper of Ashenzari the Shackled
  6241 | D:6      | Reached skill level 7 in Fighting
  6241 | D:6      | Reached XP level 9. HP: 51/68 MP: 0/0
  6241 | D:6      | Learned a level 3 spell: Vhi's Electric Charge
  7022 | D:4      | Killed Dowan
  7024 | D:4      | Killed Duvessa
  7251 | D:4      | Noticed Natasha
  7256 | D:4      | Killed Natasha
  7376 | D:4      | Noticed Natasha
  7381 | D:4      | Killed Natasha
  7590 | D:7      | Reached skill level 8 in Fighting
  8517 | D:8      | Reached skill level 1 in Shields
  8521 | D:8      | Reached XP level 10. HP: 64/77 MP: 0/0
  8616 | D:8      | Identified the staff of fire "Xycebe" {rF+ Dex+5}
  8620 | D:8      | Identified the staff of poison "Pesuajotz" {rPois Dex+4}
  9398 | D:9      | Noticed Joseph
  9411 | D:8      | Reached skill level 9 in Fighting
  9967 | D:9      | Killed Joseph
  9968 | D:9      | Reached skill level 5 in Shields
 10134 | D:9      | Found a flagged portal.
 10146 | Bailey   | Entered a bailey
 10393 | Bailey   | Reached skill level 10 in Fighting
 10526 | Bailey   | Noticed a vault guard
 10541 | Bailey   | Killed a vault guard
 10542 | Bailey   | Reached XP level 11. HP: 34/86 MP: 0/0
 10542 | Bailey   | Learned a level 4 spell: Manifold Assault
 11137 | Bailey   | Noticed Prince Ribbit
 11137 | Bailey   | Noticed a vault guard
 11146 | Bailey   | Killed Prince Ribbit
 11153 | Bailey   | Killed a vault guard
 11154 | Bailey   | Reached skill level 11 in Fighting
 11518 | D:9      | Found a hazy altar of Hepliaklqana.
 11935 | D:10     | Entered Level 10 of the Dungeon
 12031 | D:10     | Found Liacoo's Assorted Antiques.
 12036 | D:10     | Bought a green potion for 24 gold pieces
 12036 | D:10     | Bought a scroll of identify for 54 gold pieces
 12167 | D:10     | Found a staircase to the Orcish Mines.
 12302 | D:10     | Noticed a death yak
 12308 | D:10     | Noticed a death yak
 12312 | D:10     | Noticed a death yak
 12794 | D:11     | Noticed a manticore
 12804 | D:11     | Killed a manticore
 13129 | D:11     | Noticed a boulder beetle
 13178 | D:11     | Mangled by a very large slime creature

Illustrated notes

Levels and vault maps discovered:
D:1:      psy_arrival_dodecagon, layout_rooms
D:2:      layout_basic, basic_altar
D:3:      layout_loops_corners, ashenzari_conservatory_becter
D:4:      layout_basic, kennysheep_mini, minmay_fractal_squares_5, uniq_natasha,
          uniq_duvessa, uniq_edmund
D:5:      layout_basic, nicolae_overflow_hallway_of_the_gods,
          uniq_crazy_yiuf_cottage
D:6:      layout_loops_ring, minmay_temple_entry_mist,
          kennysheep_generic_room_11
D:7:      layout_loops_ring, minmay_chambers_of_fives
D:8:      cheibrodos_quashed, layout_loops_corners
D:9:      layout_cave_pools, mainiacjoe_overflow_paths, enter_bailey_2,
          uniq_joseph
D:10:     layout_roguey, dpeg_lair_monsters, orc_0_dummy, serial_shops, shop
D:11:     nicolae_BIG_FREAKIN_CUBE, layout_irregular_city, serial_glass,
          glass_columns_b, glass_columns_a, lightli_fourway_metalbox
Temple:   eino_narrow_crystal_temple

Skill      XL: |  1  2  3  4  5  6  7  8  9 10 11 |
---------------+----------------------------------+-----
Fighting       | 1 2 3 5 7 8 10 11 | 11.4
Armour         | 1 2 |  2.5
Spellcasting   | 4 5 6 7 8 9 |  9.7
Shields        | 1 5 |  5.0
Dodging        | |  2.1
Stealth        | |  1.5

Action                     |  1- 3 |  4- 6 |  7- 9 | 10-12 || total
---------------------------+-------+-------+-------+-------++-------
  Melee: Dagger            |    24 |    13 |    37 |       ||    74
         Staff             |       |       |       |    10 ||    10
   Cast: Magic Dart        |    66 |    53 |    90 |    54 ||   263
         Searing Ray       |     5 |    13 |    26 |     6 ||    50
         Scorch            |       |       |    39 |   146 ||   185
         Fulminant Prism   |       |       |     4 |    15 ||    19
         Iskenderun's Myst |       |       |       |     2 ||     2
         Manifold Assault  |       |       |       |     2 ||     2
 Invoke: Curse Item        |       |       |       |     1 ||     1
    Use: Scroll            |       |     4 |    13 |     7 ||    24
         Potion            |       |       |       |     4 ||     4
   Stab: Sleeping          |       |     1 |       |       ||     1
 Armour: Leather armour    |     8 |     4 |    14 |    37 ||    63
  Dodge: Dodged            |    23 |    19 |    60 |    79 ||   181
  Block: Buckler           |       |       |     1 |    70 ||    71
